 Dungeon Crawl Stone Soup version 0.29.1-4-g47bece8355 (webtiles) character file.

Game seed: 585732664312294370

557 javelincjr the Magician (level 7, 0/46 HPs)
             Began as a Djinni Conjurer on Dec 10, 2022.
             Slain by a quokka zombie (1 damage)
             ... on level 4 of the Dungeon.
             The game lasted 00:29:12 (4734 turns).

javelincjr the Magician (Djinni Conjurer)           Turns: 4734, Time: 00:29:12

Health: 0/46       AC:  2    Str:  6    XL:     7   Next: 56%
Gold:   143        EV: 13    Int: 21    God:
                   SH:  0    Dex: 12

rFire   + + .      SeeInvis .   v - +3 spear
rCold   x . .      Faith    .   (no shield)
rNeg    . . .      Spirit   .   a - +0 robe
rPois   ∞          Reflect  .   (no helmet)
rElec   .          Harm     .   (no cloak)
rCorr   .          Rampage  .   (no gloves)
Will    .....                   (boots unavailable)
Stlth   ++........              j - amulet of the acrobat
HPRegen 0.15/turn               (no ring)
MPRegen 0.00/turn               (no ring)

@: flying
A: sickness immunity, fire resistance 2, cold vulnerability 1, float, innate
caster, HP casting, extra vitality 1
a: no special abilities


You were on level 4 of the Dungeon.
You visited 1 branch of the dungeon, and saw 4 of its levels.
You also visited: Sewer.

You collected 143 gold pieces.

Inventory:

Hand Weapons
 e - a +0 dagger
 g - a +0 short sword
 l - a +1 whip of draining
 v - a +3 spear (weapon)
Missiles
 h - 14 stones
Armour
 a - a +0 robe (worn)
Magical Staves
 x - a staff of cold
Jewellery
 j - an amulet of the acrobat (around neck)
Scrolls
 c - a scroll of vulnerability {unknown}
 f - a scroll of fear {unknown}
 i - 2 scrolls of identify {unknown}
 m - 2 scrolls of magic mapping {unknown}
 n - a scroll of silence {unknown}
 t - a scroll of enchant weapon {unknown}
 u - a scroll of noise {unknown}
 w - a scroll of blinking {unknown}
 y - a scroll of teleportation {unknown}
Potions
 b - 3 potions of lignification {unknown}
 d - 5 potions of heal wounds {unknown}
 k - a potion of flight {unknown}
 o - a potion of haste {unknown}
 p - 4 potions of might {unknown}
 q - a potion of invisibility {unknown}
 r - a potion of mutation {unknown}
 s - a potion of experience {unknown}
 z - a potion of attraction {unknown}


   Skills:
 + Level 0.4 Fighting
 - Level 0.6 Short Blades
 - Level 1.5 Maces & Flails
 + Level 0.4 Polearms
 + Level 3.4 Dodging
 + Level 2.7 Stealth
 + Level 5.6 Spellcasting


You couldn't memorise any spells.
You knew the following spells:

 Your Spells              Type           Power      Damage    Failure   Level
a - Magic Dart            Conj           100%       1d8       1%          1
b - Searing Ray           Conj           58%        2d6       1%          2
c - Dazzling Flash        Conj/Hex       58%        N/A       3%          3
d - Fulminant Prism       Conj/Hex       14%        3d9       10%         4
e - Iskenderun's Mystic   Conj/Tloc      29%        2d7       10%         4
f - Freeze                Ice            100%       1d11      1%          1
g - Wereblood             Tmut           29%        N/A       1%          2
h - Frozen Ramparts       Ice            58%        1d9       3%          3
Your spell library was empty.

Dungeon Overview and Level Annotations

Branches:
Dungeon (4/15)              Sewer (visited)
 Temple: D:4-7

Altars:
Cheibriados
Dithmenos
Fedhas
Trog
The Shining One


Innate Abilities, Weirdness & Mutations

You are immune to sickness and miasma.
You are immune to poison.
Your flesh is very heat resistant. (rF++)
You are vulnerable to cold. (rC-)
You float through the air rather than walking.
You learn spells naturally, not from books.
Your magical power is your life essence.
You have superior vitality. (+4 MHP)


Message History

Casting: Magic Dart (safe; 1% risk of failure)
Confirm with . or Enter, or press ? or * to list all spells.
Aiming: Magic Dart (safe; 1% risk of failure)
Press: ? - help, Shift-Dir - straight line, f/p - scorpion
Aim: a scorpion (almost dead, 100% to hit)
The magic dart hits the scorpion.
The scorpion is almost dead.
You barely miss the scorpion.
The scorpion is almost dead.
The scorpion stings you.
* * * LOW HITPOINT WARNING * * *
A quokka zombie comes into view.
You hit the scorpion.
The scorpion is almost dead.
The scorpion barely misses you. The scorpion stings you.
* * * LOW HITPOINT WARNING * * *
Casting: Magic Dart (safe; 1% risk of failure)
Confirm with . or Enter, or press ? or * to list all spells.
The spell is quite dangerous to miscast (11% risk of failure)!
Continue anyway?
You erupt in a blast of force!
The mystic blast hits the scorpion.
You kill the scorpion!
* * * LOW HITPOINT WARNING * * *
The quokka zombie attacks as you move away!
The quokka zombie completely misses you.
You see here a hound corpse.
Okay, then.
You hit the quokka zombie.
The quokka zombie is heavily damaged.
The quokka zombie closely misses you.
You hit the quokka zombie.
The quokka zombie is severely damaged.
The quokka zombie barely misses you.
You closely miss the quokka zombie.
The quokka zombie is severely damaged.
The quokka zombie barely misses you. The quokka zombie bites you.
* * * LOW HITPOINT WARNING * * *
You barely miss the quokka zombie.
The quokka zombie is severely damaged.
The quokka zombie bites you.
You die...

#........
###.......
#........#
#........#
#####........#
......[...†...#
..# #.....# #.#
#.Z...# #.#
#†@...# ######.#
#.....# #.<....#
#.##+##
.#####..#######.#
................#
.#######.#...####
#.#...†.....#
#############


You could see a quokka zombie.

Vanquished Creatures
  2 scorpions (D:4)
  A hound (D:4)
  4 jellies (Sewer)
  Terence (D:3)
  6 gnolls
  9 adders
  2 white imps (D:3)
  A worm (D:3)
  6 ball pythons
  5 bats
  19 endoplasms
  13 giant cockroaches
  9 goblins
  5 hobgoblins
  6 jackals
  10 kobolds
  3 quokkas
  8 frilled lizards
  14 rats
124 creatures vanquished.

Vanquished Creatures (others)
  11 fulminant prisms
  A plant (D:1)
  3 withered plants (D:1)
15 creatures vanquished.

Grand Total: 139 creatures vanquished

Notes
Turn   | Place    | Note
-------+----------+-------------------------------------------
     0 | D:1      | javelincjr the Djinni Conjurer began the quest for the Orb.
     0 | D:1      | javelincjr set off with the following spells memorised:
                  | Magic Dart, Searing Ray, Dazzling Flash, Fulminant Prism,
                  | Iskenderun's Mystic Blast.
     0 | D:1      | Reached XP level 1. HP: 15/15 MP: 0/0
   287 | D:1      | Found a faded altar of an unknown god.
   336 | D:1      | Reached XP level 2. HP: 20/21 MP: 0/0
   803 | D:1      | Reached XP level 3. HP: 24/25 MP: 0/0
   803 | D:1      | Learned a level 1 spell: Freeze
  1230 | D:2      | Reached skill level 4 in Spellcasting
  1483 | D:2      | Reached XP level 4. HP: 28/31 MP: 0/0
  2172 | D:3      | Reached XP level 5. HP: 29/35 MP: 0/0
  2172 | D:3      | Learned a level 2 spell: Wereblood
  2267 | D:3      | Found a glowing drain.
  2274 | Sewer    | Entered a sewer
  2749 | Sewer    | Reached XP level 6. HP: 20/40 MP: 0/0
  3136 | Sewer    | Reached skill level 5 in Spellcasting
  3137 | Sewer    | Reached skill level 1 in Maces & Flails
  3139 | Sewer    | Found a viscous altar of Jiyva.
  3673 | D:3      | Noticed Terence
  3679 | D:3      | Killed Terence
  3794 | D:3      | Found a bloodstained altar of Trog.
  3820 | D:3      | Found a shadowy altar of Dithmenos.
  3928 | D:3      | Reached XP level 7. HP: 34/45 MP: 0/0
  3928 | D:3      | Learned a level 3 spell: Frozen Ramparts
  4049 | D:3      | Found a blossoming altar of Fedhas.
  4115 | D:3      | Found a glowing golden altar of the Shining One.
  4385 | D:3      | Found a snail-covered altar of Cheibriados.
  4733 | D:4      | HP: 1/46 [quokka zombie (3)]
  4734 | D:4      | Slain by a quokka zombie

Illustrated notes

Levels and vault maps discovered:
D:1:      dpeg_arrival_tiny_h, layout_loops_ring,
          shapermc_ecumenical_altar_flowoftime, minmay_pentomino_s2
D:2:      layout_basic
D:3:      layout_loops_corners, nzn_overflow_gifts_of_might_and_magic,
          mainiacjoe_overflow_paths, general_overflow_altar,
          mainiacjoe_overflow_catch_the_wave, gup_sewer_entry_bowl
D:4:      layout_basic, mainiacjoe_overflow_alcove_4, enter_ossuary_4,
          amcnicky_mini_pool_small

Skill      XL: |  1  2  3  4  5  6 |
---------------+-------------------+-----
Spellcasting   | 4 5 |  5.6
Stealth        | 2 |  2.7
Dodging        | 3 |  3.4
Maces & Flails | 1 |  1.5
Fighting       | |  0.4
Short Blades   | |  0.6
Polearms       | |  0.4

Action                   |  1- 3 |  4- 6 |  7- 9 || total
-------------------------+-------+-------+-------++-------
Melee: Unarmed           |    18 |       |       ||    18
       Punch             |     1 |     1 |       ||     2
       Dagger            |     1 |       |       ||     1
       Short sword       |     8 |       |       ||     8
       Whip              |       |    20 |       ||    20
       Spear             |       |     5 |    19 ||    24
 Cast: Magic Dart        |    34 |    38 |     4 ||    76
       Searing Ray       |    12 |    25 |     7 ||    44
       Fulminant Prism   |       |     9 |     2 ||    11
       Iskenderun's Myst |       |     3 |     2 ||     5
 Stab: Sleeping          |       |     1 |       ||     1
Armor: Robe              |     2 |     3 |     1 ||     6
Dodge: Dodged            |    21 |    23 |    14 ||    58
